[Event "Titled Tuesday Blitz January 17 Late 2023"]
[White "Lopez Gracia, Fernando"]
[Black "Pershin, Denis"]
[WhiteFideId "2207184"]
[BlackFideId "24165506"]
[WhiteElo "2255"]
[BlackElo "2366"]
[Result "0-1"]
[Round "04"]
[TimeControl "180+2"]
[Date "2023.01.17"]
[WhiteClock "0:00:38"]
[BlackClock "0:01:21"]

1. c4 c5 2. Nf3 Nc6 3. d4 cxd4 4. Nxd4 Nf6 5. Nc3 e6 6. Nc2 Bc5 7. e3 O-O 8. Be2 b6 9. O-O Bb7 10. Bf3 Qe7 11. b3 Rfd8 12. Bb2 d5 13. cxd5 Ne5 14. e4 Ba6 15. Be2 Bb7 16. Bf3 exd5 17. Nxd5 Nxf3+ 18. Qxf3 Nxd5 19. exd5 Bxd5 20. Qg3 f6 21. Rfe1 Qf7 22. Ne3 Be6 23. Rad1 Bb4 24. Rxd8+ Rxd8 25. Rd1 Rxd1+ 26. Nxd1 Qd7 27. Ne3 Bd6 28. Qh4 Bc5 29. h3 Qd2 30. Nc4 Qe1+ 31. Kh2 Bxf2 32. Qf4 Qg1# 0-1


[Site "https://www.chess.com"]

[Event "Titled Tuesday Blitz January 17 Late 2023"]
[White "Leiva, Gianmarco"]
[Black "Tokhirjonova, Gulrukhbegim"]
[WhiteFideId "3804399"]
[BlackFideId "14203626"]
[WhiteElo "2392"]
[BlackElo "2340"]
[Result "1/2-1/2"]
[Round "04"]
[TimeControl "180+2"]
[Date "2023.01.17"]
[WhiteClock "0:00:05"]
[BlackClock "0:00:10"]

1. e4 e5 2. Nf3 Nc6 3. Bc4 Nf6 4. d3 Bc5 5. O-O d6 6. c3 a6 7. Re1 Ba7 8. Bb3 h6 9. Nbd2 O-O 10. h3 Be6 11. Bc2 Nh5 12. Nf1 Qf6 13. Be3 Nf4 14. Ng3 Qg6 15. d4 Bc8 16. Qd2 Nh5 17. Nh4 Qf6 18. Nxh5 Qxh4 19. Ng3 exd4 20. cxd4 Re8 21. Rad1 Bb6 22. a3 Bd7 23. Qd3 Rad8 24. Kh2 Ne7 25. f4 Ng6 26. Rf1 Bb5 27. Qd2 Bxf1 28. Rxf1 c5 29. d5 Bc7 30. Qc3 Qf6 31. Qxf6 gxf6 32. Nh5 Kh8 33. Nxf6 Re7 34. Bd2 Kg7 35. Bc3 Kf8 36. Kg3 b5 37. h4 b4 38. axb4 cxb4 39. Bd4 Rc8 40. Bd3 Rb8 41. h5 Ne5 42. fxe5 a5 43. e6 fxe6 44. Nd7+ Ke8 45. Nxb8 Bxb8 46. Rf6 exd5 47. exd5 Re1 48. Re6+ Rxe6 49. dxe6 Ke7 50. Bc4 d5+ 51. Kg4 dxc4 52. Kf5 Bd6 53. Kg6 a4 54. Kxh6 Kxe6 55. Kg7 a3 56. bxa3 c3 57. axb4 c2 58. Be3 Bxb4 59. h6 Bc3+ 60. Kg8 Kf5 61. h7 Ke4 62. Bc1 Kf5 63. Kf7 Kg4 64. Kg8 Kg3 65. h8=Q Bxh8 66. Kxh8 Kxg2 67. Kg7 Kf3 68. Kf6 Ke2 69. Bb2 Kd1 70. Ke5 c1=Q 71. Bxc1 1/2-1/2


[Site "https://www.chess.com"]

[Event "Titled Tuesday Blitz January 17 Late 2023"]
[White "Haszon, David"]
[Black "Yedidia, Daniel"]
[WhiteFideId "733610"]
[BlackFideId "30905907"]
[WhiteElo "2264"]
[BlackElo "2041"]
[Result "1-0"]
[Round "04"]
[TimeControl "180+2"]
[Date "2023.01.17"]
[WhiteClock "0:00:09"]
[BlackClock "0:00:14"]

1. d4 Nf6 2. Bf4 c5 3. e3 Qb6 4. Nc3 cxd4 5. Qxd4 Qxd4 6. exd4 a6 7. a4 Nc6 8. Nf3 b6 9. O-O-O d6 10. d5 Nb8 11. Bc4 g6 12. Rhe1 Bb7 13. Bxd6 Nbd7 14. Ba3 Kd8 15. Ng5 Bh6 16. Bxe7+ Kc8 17. h4 Kb8 18. Kb1 Rc8 19. Bb3 Bxg5 20. hxg5 Nh5 21. g4 Ng7 22. Bd6+ Ka7 23. Re7 Rd8 24. Rxf7 Ne8 25. Be7 Rdc8 26. Ba3 Nc5 27. Bxc5 bxc5 28. Rxh7 c4 29. Ba2 Nd6 30. Rd7 Rd8 31. Rxd8 Rxd8 32. b3 cxb3 33. Bxb3 Rf8 34. Rd2 Rf4 35. Re2 Kb6 36. Re6 Kc5 37. Rxg6 Rxg4 38. Rg7 Rf4 39. Rc7+ Kb6 40. Rd7 Kc5 41. g6 Bc8 42. Rc7+ Kb6 43. Rc6+ Ka5 44. Rxd6 Rxf2 45. Kb2 Bf5 46. g7 Rg2 47. Rf6 Bh7 48. Bc4 Rxg7 49. Kb3 Rb7+ 50. Ka3 Ra7 51. Bd3 Bxd3 52. cxd3 Rb7 53. Rf4 Rd7 54. Rd4 Rd6 55. Ne4 Rd8 56. d6 Kb6 57. Kb4 Kc6 58. d7 Kb6 59. Rd6+ Kc7 60. Ka5 Kb7 61. Rd4 Ka7 62. Nc5 Ka8 63. Ne6 Rb8 64. d8=Q Ka7 65. Rd7+ Rb7 66. Rxb7+ Kxb7 67. Qc7+ Ka8 68. Kb6 a5 69. Qb7# 1-0


[Site "https://www.chess.com"]

[Event "Titled Tuesday Blitz January 17 Late 2023"]
[White "Lymar, Vladislav"]
[Black "Pesotskiy, Mikhail"]
[WhiteFideId "14162180"]
[BlackFideId "34164453"]
[WhiteElo "2119"]
[BlackElo "2153"]
[Result "1-0"]
[Round "04"]
[TimeControl "180+2"]
[Date "2023.01.17"]
[WhiteClock "0:00:36"]
[BlackClock "0:00:01"]

1. e4 e6 2. Qe2 c5 3. Nf3 Nc6 4. g3 g6 5. Bg2 Bg7 6. c3 d6 7. O-O Nge7 8. d3 O-O 9. Na3 Rb8 10. Nc2 b5 11. a3 a5 12. d4 b4 13. axb4 axb4 14. Be3 b3 15. Na3 cxd4 16. Nxd4 Nxd4 17. Bxd4 e5 18. Ba7 Ra8 19. Nc4 Be6 20. Nb6 Rxa7 21. Rxa7 Qxb6 22. Rxe7 Bf6 23. Rxe6 fxe6 24. Qc4 Bg5 25. Qxe6+ Kg7 26. h4 Bd2 27. h5 gxh5 28. Bh3 Rf7 29. Bf5 d5 30. Qxe5+ Qf6 31. Qxd5 1-0


[Site "https://www.chess.com"]

[Event "Titled Tuesday Blitz January 17 Late 2023"]
[White "Andreev, Eduard"]
[Black "Zeman, Matyas"]
[WhiteFideId "14103400"]
[BlackFideId "364398"]
[WhiteElo "2413"]
[BlackElo "2296"]
[Result "1-0"]
[Round "04"]
[TimeControl "180+2"]
[Date "2023.01.17"]
[WhiteClock "0:01:13"]
[BlackClock "0:00:06"]

1. e4 e6 2. d4 d5 3. Nd2 Nc6 4. Ngf3 Nf6 5. e5 Nd7 6. Be2 f6 7. exf6 Qxf6 8. Nf1 Bd6 9. Ne3 O-O 10. O-O Qf7 11. c4 dxc4 12. Bxc4 Nb6 13. Bd3 h6 14. Ng4 Qh5 15. h3 Bd7 16. Re1 Rae8 17. a3 Nd5 18. Bc2 Rxf3 19. Qxf3 Nxd4 20. Qd3 Nxc2 21. Qxc2 e5 22. Qd1 Qf7 23. Bxh6 Bxg4 24. Qxg4 Re6 25. Bd2 Rg6 26. Qe4 Qe6 27. Kh1 Nf6 28. Qxg6 1-0


[Site "https://www.chess.com"]

[Event "Titled Tuesday Blitz January 17 Late 2023"]
[White "Carnicelli, Valerio"]
[Black "Rego, Pedro Filipe"]
[WhiteFideId "856185"]
[BlackFideId "1904310"]
[WhiteElo "2370"]
[BlackElo "2312"]
[Result "1-0"]
[Round "04"]
[TimeControl "180+2"]
[Date "2023.01.17"]
[WhiteClock "0:00:29"]
[BlackClock "0:00:01"]

1. b3 Nf6 2. Bb2 g6 3. Bxf6 exf6 4. c4 Bg7 5. Nc3 f5 6. g3 O-O 7. Bg2 Nc6 8. e3 d6 9. Nge2 h5 10. h4 Ne5 11. d4 Ng4 12. Nf4 c6 13. O-O a5 14. Qd2 Re8 15. Rfd1 Qc7 16. a3 b6 17. b4 axb4 18. axb4 Bb7 19. Qb2 Qe7 20. Rxa8 Rxa8 21. Nce2 Re8 22. Qb3 Nf6 23. c5 dxc5 24. bxc5 bxc5 25. Nxg6 Qd7 26. dxc5 Qc7 27. Ngf4 Ne4 28. Nxh5 Be5 29. Nhf4 Nxc5 30. Qc2 Ne4 31. Nd4 Bxd4 32. Rxd4 c5 33. Rd1 Qe5 34. Rd7 Bc6 35. Ra7 Rd8 36. Qa2 Rf8 37. Ng6 1-0


[Site "https://www.chess.com"]

[Event "Titled Tuesday Blitz January 17 Late 2023"]
[White "Klose, Eli"]
[Black "Melikhov, Evgeny V."]
[WhiteFideId "16242955"]
[BlackFideId "4122046"]
[WhiteElo "1519"]
[BlackElo "2269"]
[Result "1-0"]
[Round "04"]
[TimeControl "180+2"]
[Date "2023.01.17"]
[WhiteClock "0:00:09"]
[BlackClock "0:00:10"]

1. e4 e5 2. Nf3 Nc6 3. d4 exd4 4. Bc4 Nf6 5. O-O Nxe4 6. Re1 d5 7. Bxd5 Qxd5 8. Nc3 Qa5 9. Nxe4 Be6 10. Neg5 Bd6 11. Nxe6 fxe6 12. Rxe6+ Kd7 13. Qe2 Rae8 14. Re4 Qd5 15. Ng5 Rxe4 16. Qxe4 Qxe4 17. Nxe4 Re8 18. f3 Ne5 19. b3 c5 20. Bg5 h6 21. Bh4 Kc6 22. Re1 Nf7 23. Kf2 g5 24. Bg3 Bxg3+ 25. hxg3 Nd6 26. Nf6 Rxe1 27. Kxe1 b5 28. g4 c4 29. Ng8 Nf7 30. Ne7+ Kc5 31. Nf5 d3 32. cxd3 c3 33. Kd1 b4 34. Kc2 a5 35. a3 Kd5 36. axb4 axb4 37. d4 Ke6 38. Kd3 h5 39. Ne3 Nd8 40. gxh5 Nc6 41. d5+ Kd6 42. dxc6 Kxc6 43. Nc2 Kc5 44. h6 1-0


[Site "https://www.chess.com"]

[Event "Titled Tuesday Blitz January 17 Late 2023"]
[White "Chor, Kevin"]
[Black "Vasques, Antonio Pedro Freixial"]
[WhiteFideId "2090740"]
[BlackFideId "1908332"]
[WhiteElo "1944"]
[BlackElo "2214"]
[Result "1-0"]
[Round "04"]
[TimeControl "180+2"]
[Date "2023.01.17"]
[WhiteClock "0:00:11"]
[BlackClock "0:00:13"]

1. e4 c5 2. Nf3 Nc6 3. d4 cxd4 4. Nxd4 e6 5. Nc3 Qc7 6. Be3 a6 7. Qf3 Nf6 8. O-O-O Bb4 9. Nde2 O-O 10. Bg5 Be7 11. h4 b5 12. h5 h6 13. Bf4 Qa5 14. e5 Ne8 15. Kb1 Bb7 16. Qg3 Kh8 17. Nc1 b4 18. Ne4 Nxe5 19. Bxe5 Bxe4 20. Rxd7 Bf6 21. Bxf6 Nxf6 22. Rd4 b3 23. axb3 Rac8 24. Bd3 Qb6 25. Rxe4 Nxe4 26. Bxe4 f5 27. Bd3 e5 28. Qxe5 Rce8 29. Qf4 Rd8 30. Rg1 Rd4 31. Qe3 Qd6 32. Ne2 Rh4 33. g3 Rh2 34. Nf4 Kh7 35. g4 Qc6 36. Bxf5+ Rxf5 37. gxf5 Rh1 38. Qg3 Rxg1+ 39. Qxg1 Qf3 40. Qg6+ Kh8 41. Ne6 Qd1+ 42. Ka2 Qd7 43. Qxg7+ Qxg7 44. Nxg7 Kxg7 45. b4 Kf6 46. c4 Kg5 47. b5 axb5 48. cxb5 Kxh5 49. b6 Kg5 50. b7 h5 51. b8=Q 1-0


[Site "https://www.chess.com"]

[Event "Titled Tuesday Blitz January 17 Late 2023"]
[White "Czernek, Tymon"]
[Black "Abdyzhaparov, Aidar"]
[WhiteFideId "1199510"]
[BlackFideId "13800361"]
[WhiteElo "2314"]
[BlackElo "1978"]
[Result "1-0"]
[Round "04"]
[TimeControl "180+2"]
[Date "2023.01.17"]
[WhiteClock "0:00:30"]
[BlackClock "0:00:35"]

1. e4 d6 2. d4 Nf6 3. Nc3 e5 4. Nf3 Nbd7 5. Bc4 Be7 6. O-O O-O 7. Re1 c6 8. Bb3 b5 9. d5 cxd5 10. Nxd5 Bb7 11. c3 a6 12. a4 bxa4 13. Bxa4 Nc5 14. Bc2 Nxd5 15. exd5 f5 16. b4 Ne4 17. Qd3 Rc8 18. c4 Bf6 19. Rb1 Qc7 20. Rxe4 fxe4 21. Qxe4 g6 22. Bd3 a5 23. b5 Rce8 24. Be3 Bc8 25. g4 Qg7 26. Kf1 h5 27. h3 hxg4 28. hxg4 Qh7 29. Ke2 Bf5 30. gxf5 gxf5 31. Qxf5 e4 32. Qxh7+ Kxh7 33. Bc2 Kg7 34. Nd2 a4 35. Bxa4 Ra8 36. Bc2 Ra2 37. Bxe4 Bc3 38. b6 Re8 39. f3 Rh8 40. Kd3 Ra3 41. Rb3 Rxb3 42. Nxb3 Ba5 43. Bd4+ 1-0


[Site "https://www.chess.com"]

[Event "Titled Tuesday Blitz January 17 Late 2023"]
[White "Ismagilov, Damir"]
[Black "Liu, Kelsey"]
[WhiteFideId "34199982"]
[BlackFideId "30944481"]
[WhiteElo "2156"]
[BlackElo "2065"]
[Result "1-0"]
[Round "04"]
[TimeControl "180+2"]
[Date "2023.01.17"]
[WhiteClock "0:00:12"]
[BlackClock "0:00:01"]

1. e4 c5 2. Nf3 e6 3. g3 Nc6 4. Bg2 Nf6 5. Qe2 e5 6. O-O Be7 7. c3 O-O 8. d4 cxd4 9. cxd4 exd4 10. Rd1 Bc5 11. e5 Re8 12. Qc4 Nxe5 13. Qxc5 d6 14. Qxd4 Bg4 15. Nbd2 Rc8 16. h3 Bd7 17. Nxe5 dxe5 18. Qd6 Re6 19. Qa3 Ra6 20. Qe3 Qe7 21. Ne4 Nxe4 22. Qxe4 Bc6 23. Qe1 Qe6 24. Be3 h5 25. Bxc6 Raxc6 26. Qf1 Rc2 27. Rac1 Rxc1 28. Rxc1 Rxc1 29. Bxc1 Qxa2 30. Qb5 Qb1 31. Qc4 b5 32. Qc8+ Kh7 33. Kh2 a5 34. Qc5 b4 35. Be3 Qxb2 36. Qxa5 b3 37. Qd5 1-0


[Site "https://www.chess.com"]

[Event "Titled Tuesday Blitz January 17 Late 2023"]
[White "Wang, Alexander J"]
[Black "Khripachenko, Alexander"]
[WhiteFideId "30955270"]
[BlackFideId "54184975"]
[WhiteElo "1815"]
[BlackElo "2110"]
[Result "0-1"]
[Round "04"]
[TimeControl "180+2"]
[Date "2023.01.17"]
[WhiteClock "0:00:20"]
[BlackClock "0:01:31"]

1. e4 c5 2. Nf3 d6 3. d4 cxd4 4. Nxd4 Nf6 5. Nc3 a6 6. g3 b5 7. Bg2 Bb7 8. O-O e6 9. a3 Nbd7 10. Be3 Qc7 11. h3 Be7 12. g4 Nc5 13. f3 g6 14. Nde2 O-O 15. b4 Ncd7 16. f4 Nb6 17. g5 Nh5 18. Bf3 Nc4 19. Bf2 Ng7 20. h4 Rad8 21. Bd4 e5 22. Bf2 Rc8 23. h5 exf4 24. hxg6 hxg6 25. Nxf4 Nb2 26. Qd2 Qxc3 27. Qxc3 Rxc3 28. Bd4 Rxc2 0-1


[Site "https://www.chess.com"]

[Event "Titled Tuesday Blitz January 17 Late 2023"]
[White "Crevatin, Leo"]
[Black "Chlpik, Martin"]
[WhiteFideId "1726307"]
[BlackFideId "14923351"]
[WhiteElo "2292"]
[BlackElo "2287"]
[Result "1-0"]
[Round "04"]
[TimeControl "180+2"]
[Date "2023.01.17"]
[WhiteClock "0:00:22"]
[BlackClock "0:00:02"]

1. d4 Nf6 2. c4 c5 3. d5 e6 4. Nc3 exd5 5. cxd5 d6 6. e4 g6 7. Bd3 Bg7 8. h3 O-O 9. Nf3 a6 10. a4 Nbd7 11. O-O Re8 12. Bf4 Qc7 13. Re1 Rb8 14. Bh2 c4 15. Bc2 b5 16. axb5 axb5 17. Nd4 b4 18. Ncb5 Qc5 19. Bxd6 Rxb5 20. Bxc5 Rxc5 21. Nc6 b3 22. Bb1 Bb7 23. Ra7 Rb5 24. Nd4 Rb6 25. Ra4 Ba6 26. Qd2 Nxd5 27. exd5 Rxe1+ 28. Qxe1 Bxd4 29. Qe8+ Nf8 30. Qd8 Rf6 31. d6 Rxf2 32. Rxa6 Rxb2+ 33. Kf1 Rxb1+ 34. Ke2 c3 35. d7 Bc5 36. Rc6 Bb4 37. Qb8 c2 38. d8=Q Re1+ 39. Kf2 1-0


[Site "https://www.chess.com"]

[Event "Titled Tuesday Blitz January 17 Late 2023"]
[White "Fernandez Garcia, Gumersindo"]
[Black "Medeiros,Thauane Ferreira"]
[WhiteFideId "24516740"]
[BlackFideId "2134470"]
[WhiteElo "2160"]
[BlackElo "1854"]
[Result "0-1"]
[Round "04"]
[TimeControl "180+2"]
[Date "2023.01.17"]
[WhiteClock "0:00:20"]
[BlackClock "0:00:54"]

1. d4 d5 2. Bf4 Nf6 3. e3 c5 4. c3 Nc6 5. Nd2 Bf5 6. Ngf3 Qb6 7. Qb3 c4 8. Qxb6 axb6 9. a3 h6 10. h3 b5 11. Rc1 Nd7 12. g4 Bh7 13. Bg2 Nb6 14. Ne5 Na5 15. e4 e6 16. exd5 exd5 17. O-O f6 18. Nef3 Na4 19. Rfe1+ Kd7 20. Bg3 Nxb2 21. Re3 Bxa3 22. Ra1 Nb3 23. Nxb3 cxb3 24. Nh4 Nc4 25. Nf5 Bxf5 26. gxf5 Nxe3 27. fxe3 Bb2 28. Rf1 Bxc3 29. Bxd5 b2 30. Be4 Ra1 31. Bb1 Rha8 32. Kf2 Rxb1 0-1


[Site "https://www.chess.com"]

[Event "Titled Tuesday Blitz January 17 Late 2023"]
[White "Harish, Neeraj"]
[Black "Kosakowski, Jakub"]
[WhiteFideId "30958130"]
[BlackFideId "1185080"]
[WhiteElo "2232"]
[BlackElo "2485"]
[Result "0-1"]
[Round "04"]
[TimeControl "180+2"]
[Date "2023.01.17"]
[WhiteClock "0:00:13"]
[BlackClock "0:02:14"]

1. e4 c5 2. Nf3 d6 3. d4 cxd4 4. Nxd4 Nf6 5. Nc3 a6 6. Be3 e5 7. Nb3 Be6 8. f3 h5 9. Qd2 Nbd7 10. Nd5 Bxd5 11. exd5 g6 12. O-O-O Rc8 13. f4 Bg7 14. Kb1 O-O 15. fxe5 Nxe5 16. Be2 Re8 17. h3 Qc7 18. g4 Ne4 19. Qc1 h4 20. Bd3 Ng3 21. Rhe1 Nf3 22. Rf1 Nxf1 23. Rxf1 Ne5 24. Bd4 Nxd3 25. cxd3 Qxc1+ 26. Rxc1 Rxc1+ 27. Kxc1 Bxd4 28. Nxd4 Re3 29. Kd2 Rxh3 0-1


[Site "https://www.chess.com"]

[Event "Titled Tuesday Blitz January 17 Late 2023"]
[White "Bikuzhin, Maksim"]
[Black "Strahov, Andrej"]
[WhiteFideId "24128015"]
[BlackFideId "4165489"]
[WhiteElo "2279"]
[BlackElo "2398"]
[Result "1/2-1/2"]
[Round "04"]
[TimeControl "180+2"]
[Date "2023.01.17"]
[WhiteClock "0:00:28"]
[BlackClock "0:00:15"]

1. e4 e5 2. Nf3 Nc6 3. Bc4 Bc5 4. c3 Nf6 5. d4 exd4 6. O-O d5 7. exd5 Nxd5 8. cxd4 Be7 9. Bxd5 Qxd5 10. Nc3 Qh5 11. d5 Ne5 12. Nxe5 Qxe5 13. Re1 Qd6 14. Qe2 Bf5 15. Bf4 Qd7 16. Rad1 Kf8 17. Qc4 Bd6 18. Bxd6+ cxd6 19. Re3 Re8 20. Rde1 Rxe3 21. Rxe3 h6 22. Nb5 a6 23. Nd4 Kg8 24. Qe2 Kh7 25. Re7 Qc8 26. h3 Bg6 27. Kh2 Qc5 28. Qe3 Qxd5 29. a3 Rc8 30. Ne2 Rc2 31. Nf4 Qc5 32. Nxg6 Qxe3 33. Nf8+ Kg8 34. fxe3 Kxf8 35. Rxb7 Re2 36. Rd7 Rxb2 37. Rxd6 Rb3 38. Rxa6 Rxe3 1/2-1/2


[Site "https://www.chess.com"]

[Event "Titled Tuesday Blitz January 17 Late 2023"]
[White "Yanchenko, Roman"]
[Black "Ozdemir, Serhan Berat"]
[WhiteFideId "4137329"]
[BlackFideId "6374611"]
[WhiteElo "2466"]
[BlackElo "2223"]
[Result "1-0"]
[Round "04"]
[TimeControl "180+2"]
[Date "2023.01.17"]
[WhiteClock "0:00:19"]
[BlackClock "0:00:05"]

1. d4 Nf6 2. c4 g6 3. Nf3 Bg7 4. Nc3 O-O 5. Bf4 c5 6. e3 d5 7. h3 Nc6 8. dxc5 Qa5 9. Qa4 Qxc5 10. Qb5 Qxb5 11. cxb5 Nb4 12. Rc1 Bf5 13. Ne5 Rac8 14. a3 d4 15. exd4 Nc2+ 16. Rxc2 Bxc2 17. Bc4 Nh5 18. Nd5 Nxf4 19. Nxe7+ Kh8 20. Nxc8 Rxc8 21. Nxf7+ Kg8 22. Nd6+ Rxc4 23. Nxc4 Bd3 24. Ne5 Bxb5 25. Kd2 Nxg2 26. Kc3 Nf4 27. Kb4 a6 28. Rc1 Bf8+ 29. Kb3 Ne2 30. Rd1 Bd6 31. Nc4 Be7 32. a4 Bd7 33. Ne5 Be6+ 34. d5 Bf7 35. Nxf7 Kxf7 36. Kc4 Nf4 37. d6 Bd8 38. Rd4 Ne6 39. Re4 Kf6 40. Kd5 Ng5 41. Re8 Nf7 42. d7 h5 43. b4 g5 44. f3 Kf5 45. a5 Kf6 46. Ke4 Kg6 47. f4 Kf6 48. fxg5+ Nxg5+ 49. Kd5 Nf7 50. Kd4 h4 51. Ke4 Kg6 52. Kf3 Kf5 53. Ke3 Kf6 54. Kf4 Kg6 55. Kg4 Kg7 56. Kh5 Kh7 57. Re6 Kg7 58. Kg4 Bf6 59. Rb6 Nd8 60. Kf5 Kf7 61. Rxf6+ Ke7 62. Rh6 Kxd7 63. Rxh4 Kc6 64. Rh6+ Kb5 65. Rb6+ Ka4 66. h4 1-0


[Site "https://www.chess.com"]

[Event "Titled Tuesday Blitz January 17 Late 2023"]
[White "Ozates, Tuna"]
[Black "Cardoso Cardoso, Jose Gabriel"]
[WhiteFideId "6354521"]
[BlackFideId "4430492"]
[WhiteElo "2251"]
[BlackElo "2492"]
[Result "1-0"]
[Round "04"]
[TimeControl "180+2"]
[Date "2023.01.17"]
[WhiteClock "0:00:52"]
[BlackClock "0:00:14"]

1. e4 e6 2. d4 d5 3. exd5 exd5 4. Bd3 Bd6 5. Qf3 Nc6 6. c3 Nge7 7. Bf4 h5 8. h3 Be6 9. Ne2 Qd7 10. Nd2 O-O-O 11. O-O-O Kb8 12. Rhe1 h4 13. Nb3 Rde8 14. Nc5 Bxc5 15. dxc5 Bf5 16. Bb5 Qc8 17. Bd3 Bxd3 18. Qxd3 Qd7 19. b4 Nd8 20. Nd4 a6 21. b5 axb5 22. Nxb5 Ne6 23. Rxe6 Qxe6 24. Nxc7 Qf6 25. Nxd5+ 1-0


[Site "https://www.chess.com"]

[Event "Titled Tuesday Blitz January 17 Late 2023"]
[White "Averjanov, Alexey"]
[Black "Mareco, Sandro"]
[WhiteFideId "14109867"]
[BlackFideId "112275"]
[WhiteElo "2399"]
[BlackElo "2633"]
[Result "1/2-1/2"]
[Round "04"]
[TimeControl "180+2"]
[Date "2023.01.17"]
[WhiteClock "0:02:15"]
[BlackClock "0:00:46"]

1. d4 f5 2. c4 Nf6 3. Nf3 e6 4. g3 Be7 5. Bg2 d6 6. O-O O-O 7. b3 a5 8. Nc3 Ne4 9. Bb2 Qe8 10. Qc2 Nxc3 11. Bxc3 Qh5 12. e4 f4 13. e5 Nc6 14. Rae1 d5 15. c5 Nb4 16. Qd2 fxg3 17. fxg3 Nc6 18. a3 Bd7 19. h3 a4 20. b4 Na7 21. Bb2 Bb5 22. Rf2 Bc4 23. g4 Qh6 24. Qxh6 gxh6 25. Bf1 Bxf1 26. Rexf1 Nb5 27. Kg2 Kg7 28. Kg3 c6 29. h4 Rf7 30. Nd2 Raf8 31. Rxf7+ Rxf7 32. Rxf7+ Kxf7 33. Nb1 Kg6 34. h5+ Kg7 35. Nc3 Nxc3 36. Bxc3 Bg5 37. Bb2 Kf7 38. Kf3 Ke7 39. Ke2 Kd7 40. Kd1 Kc8 41. Bc1 Kb8 42. Bxg5 hxg5 43. Kd2 Ka7 44. Kc3 Ka6 45. Kd3 Kb5 46. Kc3 1/2-1/2


[Site "https://www.chess.com"]

[Event "Titled Tuesday Blitz January 17 Late 2023"]
[White "Atanasov, Anthony"]
[Black "Radovanovic, Dusan"]
[WhiteFideId "2623897"]
[BlackFideId "926868"]
[WhiteElo "2368"]
[BlackElo "2311"]
[Result "0-1"]
[Round "04"]
[TimeControl "180+2"]
[Date "2023.01.17"]
[WhiteClock "0:00:02"]
[BlackClock "0:00:08"]

1. d4 Nf6 2. Nf3 g6 3. c4 Bg7 4. Nc3 O-O 5. e4 d6 6. Be2 e5 7. dxe5 dxe5 8. Bg5 c6 9. Qxd8 Rxd8 10. Nxe5 Re8 11. O-O-O Na6 12. Nf3 h6 13. Be3 Ng4 14. Nd4 Nxe3 15. fxe3 Nc5 16. Bf3 a5 17. Kc2 h5 18. h3 Bd7 19. a3 a4 20. Rd2 Rad8 21. Rhd1 Bc8 22. g4 h4 23. Nde2 Rxd2+ 24. Rxd2 Be5 25. Nd4 Be6 26. Be2 Kg7 27. Nf3 Bxc3 28. bxc3 Nxe4 29. Rd4 Nc5 30. Nxh4 Bc8 31. Ng2 g5 32. Bd3 Kf6 33. Rd6+ Be6 34. Rd4 Rh8 35. h4 gxh4 36. Nf4 h3 37. Nh5+ Kg5 38. Rf4 Bxg4 39. Ng3 Be6 40. Bf5 h2 41. Bxe6 Nxe6 42. Rf5+ Kg4 43. Rxf7 Kxg3 44. Rg7+ Kf2 45. Rf7+ Kxe3 46. Re7 h1=Q 47. Rxe6+ Qe4+ 48. Rxe4+ Kxe4 49. c5 Rh3 0-1


[Site "https://www.chess.com"]

[Event "Titled Tuesday Blitz January 17 Late 2023"]
[White "Aggelis, Nikolaos"]
[Black "Fishbein, Mitch"]
[WhiteFideId "4213220"]
[BlackFideId "30922917"]
[WhiteElo "2270"]
[BlackElo "2120"]
[Result "1-0"]
[Round "04"]
[TimeControl "180+2"]
[Date "2023.01.17"]
[WhiteClock "0:00:13"]
[BlackClock "0:00:03"]

1. e4 c5 2. Nf3 d6 3. d4 cxd4 4. Nxd4 Nf6 5. f3 a6 6. c4 g6 7. Nc3 Bg7 8. Be3 O-O 9. Qd2 Nc6 10. Be2 Bd7 11. O-O Rc8 12. b3 Nxd4 13. Bxd4 Bc6 14. Rad1 Nd7 15. Be3 Re8 16. Nd5 Bxd5 17. Qxd5 Qc7 18. Rd2 a5 19. Qb5 Nc5 20. Rfd1 Ra8 21. Rd5 Rec8 22. h4 h5 23. Kh1 Kh7 24. Rg1 Ra6 25. g4 hxg4 26. Rxg4 Rc6 27. h5 Rh8 28. hxg6+ Kg8+ 29. Kg2 e6 30. gxf7+ Qxf7 31. Rdg5 Rh7 32. Bxc5 Rxc5 33. Qxb7 Rxg5 34. Qxf7+ Kxf7 35. Rxg5 Bc3 36. c5 dxc5 37. Rxc5 Bb4 38. Rc7+ Kg6 39. Rxh7 Kxh7 40. f4 Kg6 41. Kf3 Kf6 42. Bc4 Bd2 43. Kg4 Bc1 44. e5+ Kg6 45. Bxe6 Kg7 46. f5 Kf8 47. f6 1-0


[Site "https://www.chess.com"]

[Event "Titled Tuesday Blitz January 17 Late 2023"]
[White "Korchmar, Vasiliy"]
[Black "AidenRchess"]
[WhiteFideId "24131750"]
[WhiteElo "2438"]
[BlackElo "2443"]
[Result "0-1"]
[Round "04"]
[TimeControl "180+2"]
[Date "2023.01.17"]
[WhiteClock "0:00:01"]
[BlackClock "0:00:11"]

1. e4 c5 2. Nf3 e6 3. g3 Nc6 4. Bg2 d5 5. exd5 exd5 6. d4 Nf6 7. O-O Be7 8. dxc5 O-O 9. a3 Bxc5 10. b4 Be7 11. Bb2 Ne4 12. Nbd2 Bf6 13. Bxf6 Qxf6 14. Nxe4 dxe4 15. Nd2 e3 16. fxe3 Qc3 17. Re1 Bf5 18. Ne4 Qe5 19. Qd6 Qb2 20. Qf4 Bg6 21. Nd6 Qxc2 22. Nxb7 Ne7 23. a4 Rac8 24. Nd6 Rc3 25. a5 Qb2 26. Qe5 Nc8 27. Nb5 Rc2 28. Qxb2 Rxb2 29. Nxa7 Nxa7 30. Ra4 Bc2 31. Ra3 Rxb4 32. Rc1 Be4 33. Bxe4 Rxe4 34. Rc5 Rfe8 35. a6 g6 36. Kf2 R4e5 37. Rc4 Re4 38. Rc5 R4e5 39. Rc4 R5e7 40. Rc5 Rd7 41. Rb3 Ree7 42. Rb8+ Kg7 43. Rb6 Rc7 44. Rxc7 Rxc7 45. Rb7 Rxb7 46. axb7 Nc6 47. Kf3 Kf6 48. Kf4 Ke6 49. Kg5 h5 50. h3 Ke5 51. g4 hxg4 52. hxg4 Ke6 53. Kf4 f6 54. Ke4 g5 55. Kd3 Kd7 56. Ke4 Ke6 57. Kd3 Ke5 58. Kc4 Kd6 59. Kd3 Kc7 60. Ke4 Ne7 61. Kd4 Kxb7 62. e4 Kc6 63. e5 Ng8 64. exf6 Nxf6 65. Ke5 Nh7 66. Kf5 Kd5 67. Kg6 Ke4 68. Kxh7 Kf4 0-1


[Site "https://www.chess.com"]

[Event "Titled Tuesday Blitz January 17 Late 2023"]
[White "Fiorito, Joaquin"]
[Black "Mosquera, Miguel"]
[WhiteFideId "180173"]
[BlackFideId "4401131"]
[WhiteElo "2405"]
[BlackElo "2371"]
[Result "0-1"]
[Round "04"]
[TimeControl "180+2"]
[Date "2023.01.17"]
[WhiteClock "0:00:22"]
[BlackClock "0:00:10"]

1. d4 d5 2. Nc3 Nf6 3. Bf4 e6 4. Nb5 Bd6 5. Nxd6+ cxd6 6. Nf3 Nc6 7. e3 O-O 8. Be2 Re8 9. O-O e5 10. Bg5 Bf5 11. Rc1 Rc8 12. a3 h6 13. Bxf6 Qxf6 14. dxe5 dxe5 15. Qxd5 Red8 16. Qb5 e4 17. Nd4 Nxd4 18. exd4 Rxd4 19. Qxb7 Rd2 20. Rfe1 Rcxc2 21. Rxc2 Rxc2 22. b4 Qc3 23. Rd1 Rxe2 24. Rf1 Re1 25. Qxa7 Rxf1+ 26. Kxf1 Qd3+ 27. Ke1 Be6 28. Qb8+ Kh7 29. Qg3 Qb1+ 30. Kd2 Qb2+ 31. Ke1 Qa1+ 32. Kd2 Qa2+ 33. Kc1 Bb3 34. Qc3 Qxa3+ 35. Kd2 Qa2+ 36. Ke3 Bd5 37. b5 Qa7+ 38. Kf4 Qb8+ 39. Qe5 Qxe5+ 40. Kxe5 Ba8 41. g4 Kg6 42. h4 h5 43. g5 f6+ 44. gxf6 gxf6+ 45. Ke6 f5 46. Ke5 Bb7 47. b6 Ba8 48. Kf4 Kf6 49. Ke3 Ke5 50. Ke2 Kf4 51. Ke1 Kf3 52. Kf1 Bb7 53. Kg1 f4 54. Kf1 e3 55. fxe3 fxe3 56. Ke1 Ba6 57. Kd1 e2+ 58. Ke1 Bb7 59. Kd2 Kf2 60. Kd3 e1=Q 61. Kd4 Qa5 62. Kc4 Qxb6 63. Kc3 Qc5+ 64. Kb3 Bd5+ 65. Kb2 Qb4+ 66. Kc1 Qc3+ 67. Kb1 Ba8 68. Ka2 Qb4 69. Ka1 Ke2 70. Ka2 Kd2 71. Ka1 Kc2 72. Ka2 Qa5# 0-1


[Site "https://www.chess.com"]